| TOP OF THE 1ST |
|
Los Angeles (NYP) Angels batting - Pitching for Lowell Spinners : RHP Tim Tucker
|
|
Pitching: RHP Tim Tucker
|
|
|
Batting: RHB Ivan Barrientos
|
0-0: Called Strike 0-1: Called Strike 0-2: Ball 1-2: Strikes out swinging
|
|
Batting: RHB Scott Webb
|
0-0: Bunt missed! 0-1: Ball 1-1: Ground out 6-3 (Groundball, 6, EV 92.5 MPH)
|
|
Batting: RHB Aaron Bryant
|
0-0: Called Strike 0-1: Foul Ball, location: 2F 0-2: Foul Ball, location: 2F 0-2: Reached on error, E3 (Groundball, 13, EV 92.5 MPH)
|
|
Batting: LHB Edgar van der Meeren
|
0-0: Called Strike 0-1: Swinging Strike 0-2: Ball 1-2: Ground out 6-3 (Groundball, 4MS, EV 80.0 MPH)
|
| Top of the 1st over - 0 runs, 0 hits, 1 error, 1 left on base; Los Angeles (NYP) 0 - Lowell 0 |
| BOTTOM OF THE 1ST |
|
Lowell Spinners batting - Pitching for Los Angeles (NYP) Angels : LHP Jon Lawson
|
|
Pitching: LHP Jon Lawson
|
|
|
Batting: LHB Eric Gaugler
|
0-0: Called Strike 0-1: Ball 1-1: Swinging Strike 1-2: Ball 2-2: Foul Ball, location: 2F 2-2: Foul Ball, location: 2F 2-2: Strikes out swinging
|
|
Batting: RHB Willie Camacho
|
0-0: Foul Ball, location: 2F 0-1: Ball 1-1: Called Strike 1-2: Ball 2-2: Ground out 6-3 (Groundball, 6M, EV 85.0 MPH)
|
|
Batting: LHB Kien-lung Zou
|
0-0: Ball 1-0: Called Strike 1-1: Called Strike 1-2: Ball 2-2: Ground out 4-3 (Groundball, 4, EV 101.2 MPH)
|
| Bottom of the 1st over - 0 runs, 0 hits, 0 errors, 0 left on base; Los Angeles (NYP) 0 - Lowell 0 |
| TOP OF THE 2ND |
|
Los Angeles (NYP) Angels batting - Pitching for Lowell Spinners : RHP Tim Tucker
|
|
Batting: RHB Dan Myers
|
0-0: Called Strike 0-1: Ball 1-1: Ball 2-1: Swinging Strike 2-2: Foul Ball, location: 2F 2-2: Ball 3-2: Strikes out swinging
|
|
Batting: LHB Bill Girton
|
0-0: Ball 1-0: Foul Ball, location: 2F 1-1: Foul Ball, location: 2F 1-2: Fly out, F8 (Flyball, 8RS, EV 89.4 MPH)
|
|
Batting: RHB Wilford Harper
|
0-0: Called Strike 0-1: Ground out 6-3 (Groundball, 6, EV 100.6 MPH)
|
| Top of the 2nd over - 0 runs, 0 hits, 0 errors, 0 left on base; Los Angeles (NYP) 0 - Lowell 0 |
| BOTTOM OF THE 2ND |
|
Lowell Spinners batting - Pitching for Los Angeles (NYP) Angels : LHP Jon Lawson
|
|
Batting: RHB Dominique Paolozzi
|
0-0: Called Strike 0-1: Hit by Pitch
|
|
Batting: RHB Tony Gallegos
|
0-0: Fly out, F7 (Flyball, 7S, EV 77.5 MPH)
|
|
Batting: RHB Bakhtiar Asadov
|
0-0: Ball 1-0: Ball 2-0: Called Strike 2-1: Swinging Strike 2-2: Strikes out swinging
|
|
Batting: RHB Mike Strey
|
0-0: Foul Ball, location: 2F 0-1: Ball Wild Pitch! Dominique Paolozzi to second 1-1: Ball 2-1: Ball 3-1: Foul Ball, location: 2F 3-2: Foul Ball, location: 2F 3-2: Foul Ball, location: 2F 3-2: Foul Ball, location: 2F 3-2: Foul Ball, location: 2F 3-2: Strikes out swinging
|
| Bottom of the 2nd over - 0 runs, 0 hits, 0 errors, 1 left on base; Los Angeles (NYP) 0 - Lowell 0 |
| TOP OF THE 3RD |
|
Los Angeles (NYP) Angels batting - Pitching for Lowell Spinners : RHP Tim Tucker
|
|
Batting: SHB Yuya Hirata
|
0-0: Called Strike 0-1: Ball 1-1: Ball 2-1: Called Strike 2-2: Foul Ball, location: 2F 2-2: Ball 3-2: Foul Ball, location: 2F 3-2: Ground out U3 (Groundball, 34, EV 100.0 MPH)
|
|
Batting: RHB Ron Major
|
0-0: Swinging Strike 0-1: Ball 1-1: Ball 2-1: Ball 3-1: Base on Balls
|
|
Batting: RHB Ivan Barrientos
|
0-0: Fly out, F7 (Flyball, 7D, EV 84.4 MPH)
|
|
Batting: RHB Scott Webb
|
0-0: Called Strike Ron Major is caught stealing 2nd base 2-4
|
| Top of the 3rd over - 0 runs, 0 hits, 0 errors, 0 left on base; Los Angeles (NYP) 0 - Lowell 0 |
| BOTTOM OF THE 3RD |
|
Lowell Spinners batting - Pitching for Los Angeles (NYP) Angels : LHP Jon Lawson
|
|
Batting: RHB Rogelio Cervantes
|
0-0: Swinging Strike 0-1: Ball 1-1: TRIPLE (Groundball, 5L, EV 95.0 MPH)
|
|
Batting: RHB Roger Mitchell
|
0-0: Fly out, F8 (Flyball, 8RD, EV 105.0 MPH) Runner from 3rd tags up, SCORES, no throw by CF
|
|
Batting: LHB Eric Gaugler
|
0-0: Ball 1-0: Called Strike 1-1: Ball 2-1: Called Strike 2-2: Ball 3-2: DOUBLE (Line Drive, 89D, EV 110.0 MPH)
|
|
Batting: RHB Willie Camacho
|
0-0: Ball 1-0: Ball Eric Gaugler steals 3rd base 2-0: Called Strike 2-1: Swinging Strike 2-2: Foul Ball, location: 2F 2-2: Ball Passed Ball! Eric Gaugler scores 3-2: Strikes out swinging
|
|
Batting: LHB Kien-lung Zou
|
0-0: Ball 1-0: Ball 2-0: Ball 3-0: Swinging Strike 3-1: Foul Ball, location: 2F 3-2: Fly out, F7 (Flyball, 78D, EV 90.0 MPH)
|
| Bottom of the 3rd over - 2 runs, 2 hits, 0 errors, 0 left on base; Los Angeles (NYP) 0 - Lowell 2 |
| TOP OF THE 4TH |
|
Los Angeles (NYP) Angels batting - Pitching for Lowell Spinners : RHP Tim Tucker
|
|
Batting: RHB Scott Webb
|
0-0: Ball 1-0: Foul Ball, location: 2F 1-1: Ground out 6-3 (Groundball, 6, EV 85.6 MPH)
|
|
Batting: RHB Aaron Bryant
|
0-0: Fly out, F8 (Flyball, 89M, EV 95.0 MPH)
|
|
Batting: LHB Edgar van der Meeren
|
0-0: Ball 1-0: Called Strike 1-1: Ball 2-1: Fly out, F9 (Flyball, 9D, EV 91.2 MPH)
|
| Top of the 4th over - 0 runs, 0 hits, 0 errors, 0 left on base; Los Angeles (NYP) 0 - Lowell 2 |
| BOTTOM OF THE 4TH |
|
Lowell Spinners batting - Pitching for Los Angeles (NYP) Angels : LHP Jon Lawson
|
|
Batting: RHB Dominique Paolozzi
|
0-0: Fly out, F8 (Flyball, 8LD, EV 101.2 MPH)
|
|
Batting: RHB Tony Gallegos
|
0-0: Ball 1-0: Ball 2-0: Ball 3-0: Base on Balls
|
|
Batting: RHB Bakhtiar Asadov
|
0-0: Called Strike 0-1: Ball 1-1: Swinging Strike 1-2: Strikes out swinging
|
|
Batting: RHB Mike Strey
|
0-0: Ball 1-0: Ball 2-0: SINGLE (Line Drive, 6MD, EV 99.4 MPH) Tony Gallegos to second
|
|
Batting: RHB Rogelio Cervantes
|
0-0: Ball 1-0: Ball 2-0: Foul Ball, location: 2F 2-1: Called Strike 2-2: Foul Ball, location: 2F 2-2: Ground out 4-3 (Groundball, 4, EV 78.1 MPH)
|
| Bottom of the 4th over - 0 runs, 1 hit, 0 errors, 2 left on base; Los Angeles (NYP) 0 - Lowell 2 |
| TOP OF THE 5TH |
|
Los Angeles (NYP) Angels batting - Pitching for Lowell Spinners : RHP Tim Tucker
|
|
Batting: RHB Dan Myers
|
0-0: Ball 1-0: Called Strike 1-1: Ball 2-1: Fly out, F9 (Flyball, 9LM, EV 99.4 MPH)
|
|
Batting: LHB Bill Girton
|
0-0: Foul Ball, location: 2F 0-1: Ball 1-1: Fly out, F8 (Flyball, 8RM, EV 83.1 MPH)
|
|
Batting: RHB Wilford Harper
|
0-0: Swinging Strike 0-1: Ground out 1-3 (Groundball, P, EV 65.6 MPH)
|
| Top of the 5th over - 0 runs, 0 hits, 0 errors, 0 left on base; Los Angeles (NYP) 0 - Lowell 2 |
| BOTTOM OF THE 5TH |
|
Lowell Spinners batting - Pitching for Los Angeles (NYP) Angels : LHP Jon Lawson
|
|
Batting: RHB Roger Mitchell
|
0-0: Swinging Strike 0-1: Called Strike 0-2: Foul Ball, location: 2F 0-2: Ball 1-2: Ball 2-2: Foul Ball, location: 2F 2-2: Strikes out looking
|
|
Pitching: RHP Chris Adams
|
|
|
Batting: LHB Eric Gaugler
|
0-0: Called Strike 0-1: Foul Ball, location: 2F 0-2: Strikes out swinging
|
|
Batting: RHB Willie Camacho
|
0-0: Ball 1-0: Called Strike 1-1: SINGLE (Line Drive, 89S, EV 86.9 MPH)
|
|
Batting: LHB Kien-lung Zou
|
0-0: Ball 1-0: Foul Ball, location: 2F 1-1: Fielders Choice at 2nd, 5-4 (Groundball, 56, EV 81.9 MPH)
|
| Bottom of the 5th over - 0 runs, 1 hit, 0 errors, 1 left on base; Los Angeles (NYP) 0 - Lowell 2 |
| TOP OF THE 6TH |
|
Los Angeles (NYP) Angels batting - Pitching for Lowell Spinners : RHP Tim Tucker
|
|
Batting: SHB Yuya Hirata
|
0-0: Ball 1-0: Swinging Strike 1-1: Foul Ball, location: 2F 1-2: Ball 2-2: Foul Ball, location: 2F 2-2: Strikes out looking
|
|
Batting: RHB Ron Major
|
0-0: Called Strike 0-1: Foul Ball, location: 2F 0-2: Foul Ball, location: 2F 0-2: Strikes out swinging
|
|
Batting: RHB Ivan Barrientos
|
0-0: Ball 1-0: Swinging Strike 1-1: SINGLE (Line Drive, 4D, EV 98.1 MPH)
|
|
Batting: RHB Scott Webb
|
0-0: Ball 1-0: Foul Ball, location: 2F Pickoff Throw to First - Out! 1-3
|
| Top of the 6th over - 0 runs, 1 hit, 0 errors, 0 left on base; Los Angeles (NYP) 0 - Lowell 2 |
| BOTTOM OF THE 6TH |
|
Lowell Spinners batting - Pitching for Los Angeles (NYP) Angels : RHP Chris Adams
|
|
Batting: RHB Dominique Paolozzi
|
0-0: Ball 1-0: Foul Ball, location: 2F 1-1: Called Strike 1-2: Ball 2-2: Ball 3-2: Strikes out swinging
|
|
Batting: RHB Tony Gallegos
|
0-0: Called Strike 0-1: Ball 1-1: Ball 2-1: Foul Ball, location: 2F 2-2: Ball 3-2: Base on Balls
|
|
Batting: RHB Bakhtiar Asadov
|
0-0: Called Strike 0-1: Swinging Strike 0-2: Ball 1-2: Strikes out swinging
|
|
Batting: RHB Mike Strey
|
0-0: Foul Ball, location: 2F 0-1: Fly out, F8 (Flyball, 89S, EV 78.1 MPH)
|
| Bottom of the 6th over - 0 runs, 0 hits, 0 errors, 1 left on base; Los Angeles (NYP) 0 - Lowell 2 |
| TOP OF THE 7TH |
|
Los Angeles (NYP) Angels batting - Pitching for Lowell Spinners : RHP Tim Tucker
|
|
Batting: RHB Scott Webb
|
0-0: Ball 1-0: Ball 2-0: Foul Ball, location: 2F 2-1: Ball 3-1: Base on Balls
|
|
Batting: RHB Aaron Bryant
|
0-0: Grounds into double play, 6-4-3 (Groundball, 6S, EV 80.6 MPH)
|
|
Batting: LHB Edgar van der Meeren
|
0-0: Called Strike 0-1: Swinging Strike 0-2: Ground out 4-3 (Groundball, 4, EV 110.0 MPH)
|
| Top of the 7th over - 0 runs, 0 hits, 0 errors, 0 left on base; Los Angeles (NYP) 0 - Lowell 2 |
| BOTTOM OF THE 7TH |
|
Lowell Spinners batting - Pitching for Los Angeles (NYP) Angels : RHP Chris Adams
|
|
Batting: RHB Rogelio Cervantes
|
0-0: Swinging Strike 0-1: Foul Ball, location: 2F 0-2: Ball 1-2: Ball 2-2: Foul Ball, location: 2F 2-2: SINGLE (Groundball, 56, EV 104.4 MPH) (infield hit)
|
|
Pitching: RHP Humberto Paniagua
|
|
|
Batting: RHB Roger Mitchell
|
0-0: Called Strike Rogelio Cervantes steals 2nd base (no throw) 0-1: Called Strike Rogelio Cervantes steals 3rd, throwing error, E2 Rogelio Cervantes scores 0-2: Foul Ball, location: 2F 0-2: Ball 1-2: Ball 2-2: Foul Ball, location: 2F 2-2: Foul Ball, location: 2F 2-2: Strikes out swinging
|
|
Batting: LHB Eric Gaugler
|
0-0: Ball 1-0: Ball 2-0: Ball 3-0: Base on Balls
|
|
Batting: RHB Willie Camacho
|
0-0: Ball Wild Pitch! Eric Gaugler to second 1-0: Ball 2-0: Ball 3-0: Base on Balls
|
|
Batting: LHB Kien-lung Zou
|
0-0: Called Strike 0-1: Ball Eric Gaugler steals 3rd base 1-1: Ball 2-1: Ball 3-1: Fly out, F9 (Flyball, 89M, EV 83.1 MPH) Runner from 3rd tags up, SCORES, no throw by RF
|
|
Batting: RHB Dominique Paolozzi
|
0-0: Ball 1-0: Foul Ball, location: 2F 1-1: Foul Ball, location: 2F 1-2: Ball 2-2: Ball 3-2: Base on Balls Willie Camacho to second
|
|
Batting: RHB Tony Gallegos
|
0-0: Called Strike 0-1: Foul Ball, location: 2F 0-2: Foul Ball, location: 2F 0-2: Fly out, F7 (Flyball, 7LM, EV 91.2 MPH)
|
| Bottom of the 7th over - 2 runs, 1 hit, 1 error, 2 left on base; Los Angeles (NYP) 0 - Lowell 4 |
| TOP OF THE 8TH |
|
Los Angeles (NYP) Angels batting - Pitching for Lowell Spinners : RHP Tim Tucker
|
|
Batting: RHB Dan Myers
|
0-0: SINGLE (Groundball, 56D, EV 106.9 MPH)
|
|
Batting: LHB Bill Girton
|
0-0: Called Strike 0-1: Ball 1-1: Ball 2-1: Foul Ball, location: 2F 2-2: Strikes out swinging
|
|
Batting: RHB Wilford Harper
|
0-0: Foul Ball, location: 2F 0-1: Ball 1-1: Ball 2-1: Swinging Strike 2-2: Foul Ball, location: 2F 2-2: Strikes out swinging
|
|
Batting: SHB Yuya Hirata
|
0-0: Ball 1-0: DOUBLE (Line Drive, 89D, EV 103.1 MPH) Dan Myers to third Runner from 3rd tries for Home, SAFE, no throw by RF
|
|
Batting: RHB Ron Major
|
0-0: Ball 1-0: Ball 2-0: Ball 3-0: Base on Balls
|
|
Pitching: RHP Austin O'Connor
|
|
|
Batting: RHB Ivan Barrientos
|
0-0: Called Strike 0-1: Fielders Choice at 2nd, 6-4 (Groundball, 6, EV 75.6 MPH)
|
| Top of the 8th over - 1 run, 2 hits, 0 errors, 2 left on base; Los Angeles (NYP) 1 - Lowell 4 |
| BOTTOM OF THE 8TH |
|
Lowell Spinners batting - Pitching for Los Angeles (NYP) Angels : RHP Humberto Paniagua
|
|
Batting: RHB Bakhtiar Asadov
|
0-0: Called Strike 0-1: Foul Ball, location: 2F 0-2: Strikes out looking
|
|
Batting: RHB Mike Strey
|
0-0: Ball 1-0: Called Strike 1-1: Ball 2-1: Foul Ball, location: 2F 2-2: Ball 3-2: Base on Balls
|
|
Batting: RHB Rogelio Cervantes
|
0-0: Called Strike 0-1: Called Strike 0-2: SINGLE (Groundball, 13, EV 80.0 MPH) (infield hit) Mike Strey to second
|
|
Batting: RHB Roger Mitchell
|
0-0: Ball 1-0: Grounds into double play, 4-6-3 (Groundball, 4M, EV 106.9 MPH)
|
| Bottom of the 8th over - 0 runs, 1 hit, 0 errors, 1 left on base; Los Angeles (NYP) 1 - Lowell 4 |
| TOP OF THE 9TH |
|
Los Angeles (NYP) Angels batting - Pitching for Lowell Spinners : RHP Austin O'Connor
|
|
Batting: RHB Scott Webb
|
0-0: Ground out 3-1 (Groundball, 34, EV 88.8 MPH)
|
|
Batting: RHB Aaron Bryant
|
0-0: Called Strike 0-1: Ball 1-1: Ball 2-1: Foul Ball, location: 2F 2-2: Ball 3-2: Fly out, F2 (Popup, 23F, EV 88.1 MPH)
|
|
Batting: LHB Edgar van der Meeren
|
0-0: DOUBLE (Line Drive, 78D, EV 113.1 MPH)
|
|
Batting: RHB Dan Myers
|
0-0: Ball 1-0: Ball 2-0: Ball 3-0: Base on Balls
|
|
Batting: LHB Bill Girton
|
0-0: Ball 1-0: Called Strike 1-1: Ball Balk! Edgar van der Meeren to third Dan Myers to second 2-1: Swinging Strike 2-2: Strikes out swinging
|
| Top of the 9th over - 0 runs, 1 hit, 0 errors, 2 left on base; Los Angeles (NYP) 1 - Lowell 4 |
|